 Dungeon Crawl Stone Soup version 0.31-a0-806-g0bc164a743 (webtiles) character file.

Game seed: 17027418835891330399

479 snarfax the Cleaver (level 6, -2/76 HPs)
             Began as a Minotaur Fighter on Sept 20, 2023.
             Slain by a gnoll sergeant
             ... wielding a +0 trident
              (3 damage)
             ... on level 5 of the Dungeon.
             The game lasted 00:06:26 (2911 turns).

snarfax the Cleaver (Minotaur Fighter)              Turns: 2911, Time: 00:06:27

Health: -2/76      AC: 11    Str: 22    XL:     6   Next: 86%
Magic:  5/5        EV:  9    Int:  5    God:
Gold:   289        SH:  5    Dex: 10    Spells: 5/5 levels left

rFire   . . .        a - +0 war axe (freeze)
rCold   . . .        c - +0 buckler
rNeg    . . .        b - +0 scale mail
rPois   +            (helmet restricted)
rElec   .            m - +0 cloak
rCorr   .            i - +1 pair of gloves
SInv    .            p - +0 pair of boots
Will    .....        (no amulet) Stlth
                     h - ring of poison resistance
HPRegen 0.32/turn    (no ring)
MPRegen 0.09/turn

%: no passive effects
@: berserking, very quick
A: horns 2, retaliatory headbutt
a: no special abilities


You were on level 5 of the Dungeon.
You visited 1 branch of the dungeon, and saw 5 of its levels.

You collected 289 gold pieces.

Inventory:

Hand Weapons
 a - a +0 war axe of freezing (weapon)
Missiles
 q - 5 poisoned darts
Armour
 b - a +0 scale mail (worn)
 c - a +0 buckler (worn)
 i - a +1 pair of gloves (worn)
 m - a +0 cloak (worn)
 p - a +0 pair of boots (worn)
Jewellery
 f - a ring of wizardry
 h - a ring of poison resistance (left hand)
Scrolls
 n - 2 scrolls of teleportation
 o - 2 scrolls of fog
 s - a scroll of enchant weapon {unknown}
 t - a scroll of brand weapon
Potions
 d - a potion of might
 e - a potion of brilliance
 j - 3 potions of heal wounds
 k - 2 potions of curing
 l - 3 potions of attraction
 r - a potion of haste


   Skills:
 - Level 3.6 Fighting
 * Level 8.3 Axes
 - Level 3.6 Armour
 - Level 5.0 Shields


You had 5 spell levels left.
You didn't know any spells.
Your spell library contained the following spells:

 Spells                   Type           Power      Damage    Failure   Level
 Summon Guardian Golem    Hex/Summ       0%         N/A       99%         3
 Vhi's Electric Charge    Tloc/Air       0%         N/A       100%        4
 Arcjolt                  Conj/Air       0%         1d10      100%        5
 Plasma Beam              Fire/Air       0%         2x1d10    100%        6
 Orb of Destruction       Conj           0%         9d5       100%        7
 Spellforged Servitor     Conj/Summ      0%         N/A       100%        7


Dungeon Overview and Level Annotations

Branches:
Dungeon (5/15)
 Temple: D:4-7

Altars:
Cheibriados
Kikubaaqudgha
Zin


Innate Abilities, Weirdness & Mutations

You have a pair of horns on your head.
You reflexively headbutt those who attack you in melee.


Message History

Unknown command.
You hit the gnoll sergeant but do no damage.
You headbutt the gnoll sergeant, but do no damage.
You hit the gnoll. You freeze the gnoll. You hit the gnoll.
You freeze the gnoll. You closely miss the gnoll.
The gnoll hits you with a +3 halberd! The gnoll hits you with a +0 flail.
* * * LOW HITPOINT WARNING * * *
The gnoll sergeant hits you with a +0 trident.
* * * LOW HITPOINT WARNING * * *
You block the gnoll's attack. The gnoll barely misses you.
The gnoll closely misses you. You furiously retaliate!
You headbutt the gnoll! You block the gnoll sergeant's attack.
You block the gnoll's attack. The gnoll completely misses you.
You furiously retaliate!
You headbutt the gnoll.
You are too injured to fight recklessly!
Unknown command.
A red film seems to cover your vision as you go berserk!
You feel yourself moving faster!
You feel mighty! The gnoll barely misses you.
The gnoll hits you with a +0 flail.
* * * LOW HITPOINT WARNING * * *
The gnoll hits you but does no damage. You block the gnoll's attack.
The gnoll sergeant closely misses you.
You slice the gnoll!! You freeze the gnoll.
You kill the gnoll!
You slash the gnoll! You freeze the gnoll.
You kill the gnoll!
You barely miss the gnoll. x2; You hit the gnoll sergeant.
You freeze the gnoll sergeant. You barely miss the gnoll.
You headbutt the gnoll.
You kill the gnoll!
You closely miss the gnoll sergeant. You barely miss the gnoll.
The gnoll hits you with a +3 halberd.
* * * LOW HITPOINT WARNING * * *
The gnoll sergeant hits you with a +0 trident.
* * * LOW HITPOINT WARNING * * *
You closely miss the gnoll. You slash the gnoll sergeant!
You freeze the gnoll sergeant. You hit the gnoll. You freeze the gnoll.
The gnoll hits you but does no damage. You block the gnoll's attack.
The gnoll sergeant hits you with a +0 trident.
You die...

#...... ...
#......+.....# ##+
#......#.....##.?.
#......#...$......
.......##.........
##....##.........
#................
#........)g...?..
#........@g......
#######.(.##.)g.##...
##...###'####....#
#......#....#.....#
#......#....#.....#
#......#....#.....#
#......'....#.....#
#......#..^.+.....#
#......#....#.....#


You could see a gnoll sergeant and 2 gnolls.

Vanquished Creatures
  Grinder (D:3)
  An orc priest (D:5)
  2 iguanas
  An orc wizard (D:5)
  3 gnolls (D:5)
  5 adders
  An ufetubus (D:5)
  A worm (D:2)
  5 dart slugs
  8 orcs
  4 bats
  7 endoplasms
  3 giant cockroaches
  5 goblins
  9 hobgoblins
  8 jackals
  2 quokkas
  8 ball pythons
  2 frilled lizards (D:2)
  3 kobolds (D:1)
  9 rats
88 creatures vanquished.

Notes
Turn   | Place    | Note
-------+----------+-------------------------------------------
     0 | D:1      | snarfax the Minotaur Fighter began the quest for the Orb.
     0 | D:1      | Reached XP level 1. HP: 19/19 MP: 0/0
   106 | D:1      | Reached skill level 3 in Axes
   106 | D:1      | Reached XP level 2. HP: 26/26 MP: 1/1
   641 | D:2      | Reached XP level 3. HP: 28/31 MP: 2/2
   681 | D:2      | Reached skill level 4 in Axes
  1088 | D:2      | Reached XP level 4. HP: 39/39 MP: 3/3
  1501 | D:3      | Found a faded altar of an unknown god.
  1647 | D:3      | Reached skill level 5 in Axes
  1661 | D:3      | Found a snail-covered altar of Cheibriados.
  1670 | D:3      | Found an ancient bone altar of Kikubaaqudgha.
  2050 | D:4      | Noticed Grinder
  2070 | D:3      | Killed Grinder
  2071 | D:3      | Reached skill level 7 in Axes
  2071 | D:3      | Reached skill level 5 in Shields
  2071 | D:3      | Reached XP level 5. HP: 35/45 MP: 4/4
  2071 | D:3      | Reached XP level 6. HP: 40/51 MP: 5/5
  2755 | D:5      | Entered Level 5 of the Dungeon
  2777 | D:5      | Found a glowing silver altar of Zin.
  2856 | D:5      | Reached skill level 8 in Axes
  2910 | D:5      | HP: 1/76 [gnoll sergeant/+0 trident (6)]
  2911 | D:5      | Slain by a gnoll sergeant

Illustrated notes

Levels and vault maps discovered:
D:1:      mushboom_english_gardens, layout_basic, kennysheep_boxes
D:2:      layout_basic
D:3:      layout_basic, jmf_multi_god_temple, basic_ecumenical_altar,
          grunt_decor_one_mirror, minmay_misc_feat_tiny
D:4:      layout_gridville, uniq_grinder
D:5:      layout_gridville, mainiacjoe_overflow_brackets

Skill      XL: |  1  2  3  4  5  6 |
---------------+-------------------+-----
Axes           | 3 4 7 8 |  8.3
Shields        | 4 5 |  5.0
Fighting       | |  3.6
Armour         | |  3.6

Action                     |  1- 3 |  4- 6 || total
---------------------------+-------+-------++-------
  Melee: War axe           |    60 |    95 ||   155
         Headbutt          |     7 |     7 ||    14
    Use: Scroll            |     2 |     9 ||    11
         Potion            |       |     1 ||     1
 Armour: Scale mail        |    40 |    59 ||    99
  Dodge: Dodged            |    29 |    52 ||    81
  Block: Buckler           |     9 |    31 ||    40

Table legend: (Time is in decaauts)
 A = Elapsed time spent in this place.
 B = Non-inter-level travel time spent in this place.
 C = Inter-level travel time spent in this place.
 D = Time resting spent in this place.
 E = Time spent auto-exploring this place.
 F = Levels seen in this place.
 G = Mean time per level.
                   A        B        C        D        E       F      G
               +--------+--------+--------+--------+--------+-----+--------+
         Total |   2952 |   2846 |    106 |     85 |   2217 |   5 |  590.4 |
       Dungeon |   2952 |   2846 |    106 |     85 |   2217 |   5 |  590.4 |
               +--------+--------+--------+--------+--------+-----+--------+

Top non-repeatable levels by time:
     D:3: 875 daAuts
     D:4: 663 daAuts
     D:2: 662 daAuts
     D:1: 593 daAuts
     D:5: 158 daAuts
